 Dungeon Sprint DCSS version 0.28-a0-1506-g3893175d92 (webtiles) character file.

Game seed: 3577510877208192662

14 tatocazan the Covered (level 2, 16/20 HPs)
             Began as a Gargoyle Fighter on Jan 13, 2022.
             Got out of the dungeon alive.
             The game lasted 00:00:11 (98 turns).

tatocazan the Covered (Gargoyle Fighter)              Turns: 98, Time: 00:00:12

Health: 16/20      AC:  9    Str: 19    XL:     2   Next: 45%
Magic:  2/2        EV:  9    Int:  8    God:
Gold:   0          SH:  4    Dex:  9    Spells: 1/1 levels left

rFire   . . .      SeeInvis .   a - +0 war axe
rCold   . . .      Faith    .   c - +0 buckler
rNeg    + . .      Spirit   .   b - +0 scale mail
rPois   ∞          Reflect  .   (no helmet)
rElec   +          Harm     .   (no cloak)
rCorr   .          Rampage  .   (no gloves)
Will    .....      NoTele   +   (no boots)
Stlth   ..........              (no amulet)
HPRegen 0.06/turn               (no ring)
MPRegen 0.08/turn               (no ring)

@: no status effects
A: sickness immunity, AC +2, negative energy resistance 1, electricity
resistance, torment resistance 1, petrification resistance
a: no special abilities


You escaped.
You visited 1 branch

Inventory:

Hand Weapons
 a - a +0 war axe (weapon)
Armour
 b - a +0 scale mail (worn)
 c - a +0 buckler (worn)
Scrolls
 j - a scroll of blinking
Potions
 d - a potion of might
 e - a potion of curing
 f - a potion of heal wounds
 g - a potion of haste
 h - 2 potions of magic
 i - a potion of berserk rage


   Skills:
 + Level 4.2 Fighting
 + Level 2.7 Axes
 + Level 4.2 Armour
 + Level 4.2 Shields


You had one spell level left.
You didn't know any spells.
Your spell library was empty.

Dungeon Overview and Level Annotations

Branches:
Dungeon (1/1)

Altars:


Innate Abilities, Weirdness & Mutations

You are immune to sickness and miasma.
Your stone body is resilient. (AC +2)
You are immune to poison.
You resist negative energy. (rN+)
You are resistant to electric shocks. (rElec)
You are resistant to unholy torment.
You are immune to petrification.


Message History

No target in view!
No target in view!
No target in view!
HP restored.
There is an open door to the Dungeon here.
Things that are here:
a +2 whip of pain; a bat corpse; a giant cockroach corpse Health restored: 15 You open the door.
An adder, a black bear, a shadow imp, an ogre and a quokka come into view.
The adder hisses angrily.
The black bear growls angrily.
The shadow imp shouts!
The ogre shouts!
There are monsters nearby!
There are monsters nearby!
There are monsters nearby!
You closely miss the adder. The adder bites you but does no damage.
The adder bites you.
You take 2 damage, and have 13/15 hp.
You closely miss the adder. You block the adder's attack.
The adder barely misses you.
You closely miss the adder. The adder bites you. The adder barely misses you.
You take 1 damage, and have 12/15 hp.
You miss the adder. You block the adder's attack. The adder bites you.
You take 1 damage, and have 11/15 hp.
You slash the adder!
You kill the adder!
Your Fighting skill increases to level 4!
Your Armour skill increases to level 4!
Your Shields skill increases to level 4!
You have reached level 2!
You regained 4 hp, and now have 15/20 hp.
MP restored: 2
There is an open door to the Dungeon here.
Things that are here:
a +2 whip of pain; a bat corpse; a giant cockroach corpse
There is a staircase leading out of the dungeon here.
Are you sure you want to leave the Dungeon?
This will make you lose the game! The black bear barely misses you.
The black bear claws you but does no damage. x2
You have escaped! ▓▓▓▓▓▓▓▓▓▓▓▓▓▓▓▓▓▓ ▓@h5O)r....†.....+ ▓▓▓▓▓▓▓▓▓▓▓▓▓▓▓▓▓▓

You could see a black bear, an ogre, a shadow imp and a quokka.

Vanquished Creatures
  An adder (D)
  An endoplasm (D)
  A giant cockroach (D)
  2 bats (D)
  A kobold (D)
6 creatures vanquished.

Notes
Turn   | Place    | Note
-------+----------+-------------------------------------------
     0 | D        | tatocazan the Gargoyle Fighter began the quest for the Orb.
     0 | D        | Reached XP level 1. HP: 14/14 MP: 1/1
    82 | D        | Noticed a black bear
    82 | D        | Noticed an ogre
    88 | D        | Reached XP level 2. HP: 15/20 MP: 2/2
    98 | D        | Got out of the dungeon alive.

Illustrated notes

Levels and vault maps discovered:
D:        linesprint [early_d, line_temple, items_1, d_10, items_2, lair_1,
          lair_end, items_3, orc_1, orc_end, items_4, d_15, swamp_1, shoals_1,
          snake_1, spider_1, d_20, vaults_1, items_5, swamp_end, shoals_end,
          snake_end, spider_end, vaults_end, d_27, items_6, zot_1, zot_end,
          crypt_end, forest_end, elf_end, slime_end, tomb_end, abyss_end,
          pan_hell_end]

Skill      XL: |  1 |
---------------+----+-----
Axes           | 2 |  2.7
Fighting       | 4 |  4.2
Armour         | 4 |  4.2
Shields        | 4 |  4.2

Action                   || total
-------------------------++-------
Melee: War axe           ||    19
Armor: Scale mail        ||     9
Dodge: Dodged            ||    14
Block: Buckler           ||     3

Table legend: (Time is in decaauts)
 A = Elapsed time spent in this place.
 B = Non-inter-level travel time spent in this place.
 C = Inter-level travel time spent in this place.
 D = Time resting spent in this place.
 E = Time spent auto-exploring this place.
 F = Levels seen in this place.
 G = Mean time per level.
                   A        B        C        D        E       F      G
               +--------+--------+--------+--------+--------+-----+--------+
         Total |    106 |    106 |      0 |      0 |     66 |   1 |  106.0 |
       Dungeon |    106 |    106 |      0 |      0 |     66 |   1 |  106.0 |
               +--------+--------+--------+--------+--------+-----+--------+

Top non-repeatable levels by time:
       D: 106 daAuts
